 Dungeon Crawl Stone Soup version 0.28-a0-793-g31680bbd8b (console) character file.

Game seed: 9599527960551101140

32614 petzl the Destroyer (level 13, -2/89 HPs)
             Began as an Octopode Arcane Marksman on Nov 4, 2021.
             Was an Elder of Vehumet.
             Slain by a boulder beetle (55 damage)
             ... on level 5 of the Lair of Beasts on Nov 5, 2021.
             The game lasted 02:26:22 (22247 turns).

petzl the Destroyer (Octopode Arcane Marksman)     Turns: 22247, Time: 02:26:22

Health: -2/89      AC:  7    Str: 10    XL:     13   Next: 65%
Magic:  34/45      EV: 14    Int: 26    God:    Vehumet [****..]
Gold:   1012       SH:  8    Dex: 12    Spells: 13/32 levels left

rFire   . . .      SeeInvis .   a - +0 dagger (protect) {!f =f}
rCold   . . .      Faith    .   E - +3 buckler "Sekh" {rElec rN+ rCorr}
rNeg    + . .      Spirit   .   D - +2 hood of the Assassin {Detection Stab+ Stlth++}
rPois   .          Reflect  .   K - amulet of the Chupacabra {RegenMP +Inv Will+}
rElec   +          Harm     .   p - +6 ring of intelligence
rCorr   +          Rampage  .   x - ring of resist corrosion
Will    +....                   y - ring of flight
Stlth   +++++++...              J - ring of magical power
HPRegen 0.24/turn               Q - +4 ring of protection
MPRegen 0.54/turn               V - ring of magical power
                                (no ring)
                                (no ring)

@: flying
A: almost no armour, amphibious, 8 rings, camouflage 1, gelatinous body 1,
(nimble swimmer 1), tentacles
a: Renounce Religion, Evoke Invisibility


You were on level 5 of the Lair of Beasts.
You worshipped Vehumet.
Vehumet was greatly pleased with you.
You visited 4 branches of the dungeon, and saw 18 of its levels.
You also visited: Gauntlet.

You collected 1012 gold pieces.

Inventory:

Hand Weapons
 a - a +0 dagger of protection (weapon) {!f =f}
 b - a +0 hand crossbow
 f - a +2 scimitar of draining
 t - a +2 vorpal spear {!f =f}
 G - a +0 dagger of venom {!f =f}
 T - a +0 triple crossbow
Missiles
 c - 63 poisoned darts (quivered)
 i - 5 boomerangs
 l - a throwing net
 z - 45 bolts
 R - 3 curare-tipped darts {!*}
 U - 6 javelins
Armour
 D - the +2 hood of the Assassin (worn) {Detection Stab+ Stlth++}
   (You acquired it in a Gauntlet)

   It allows the wearer to sense nearby creatures.
   It allows the wearer to make particularly effective stabbing attacks against
   helpless or unaware enemies with any weapon.
   Stlth:     It makes you much more stealthy.
 E - the +3 buckler "Sekh" (worn) {rElec rN+ rCorr}
   (You acquired it in a Gauntlet)

   rElec:     It insulates you from electricity.
   rN:        It protects you from negative energy.
   rCorr:     It protects you from acid and corrosion.
Jewellery
 m - an amulet of faith
 p - a +6 ring of intelligence (left tentacle)
 x - a ring of resist corrosion (right tentacle)
 y - a ring of flight (on tentacle)
 J - a ring of magical power (on tentacle)
 K - the amulet of the Chupacabra (around mantle) {RegenMP +Inv Will+}
   (You found it on level 11 of the Dungeon)

   [amulet of magic regeneration]

   It increases your rate of magic regeneration.
   +Inv:      It lets you turn invisible.
   Will:      It increases your willpower.
 L - an amulet of guardian spirit
 Q - a +4 ring of protection (on tentacle)
 S - the amulet of the Air {Inacc Air Fly rElec RMsl}
   (You took it off a minotaur in a Gauntlet)

   [amulet of nothing]

   It reduces the accuracy of all your attacks.
   It enhances your air magic.
   rElec:     It insulates you from electricity.
   Fly:       It grants you flight.
   RMsl:      It protects you from missiles.
 V - a ring of magical power (on tentacle)
Wands
 w - a wand of charming (9)
 F - a wand of flame (24)
 O - a wand of iceblast (2)
Scrolls
 d - 5 scrolls of amnesia
 e - a scroll of enchant weapon
 n - 6 scrolls of teleportation
 s - 2 scrolls of vulnerability
 u - 5 scrolls of blinking
 A - 5 scrolls of fog
 B - a scroll of immolation
 C - 2 scrolls of fear
 I - a scroll of enchant armour
 P - a scroll of summoning
Potions
 g - 4 potions of heal wounds
 h - 3 potions of brilliance
 j - a potion of magic
 k - 2 potions of degeneration {unknown}
 o - a potion of cancellation
 q - 2 potions of attraction {unknown}
 r - a potion of resistance {unknown}
 v - 2 potions of lignification
 H - 3 potions of curing
 M - a potion of mutation {unknown}
 N - 2 potions of flight


   Skills:
 - Level 8.6 Fighting
 - Level 2.0 Short Blades
 - Level 3.0 Crossbows
 - Level 4.0 Dodging
 - Level 8.6 Stealth
 - Level 4.0 Shields
 + Level 10.4 Spellcasting
 + Level 11.4 Conjurations
 - Level 3.0 Hexes
 - Level 3.0 Transmutations
 - Level 5.5 Fire Magic
 - Level 6.0 Ice Magic
 - Level 6.0 Air Magic
 - Level 3.0 Poison Magic
 - Level 3.2 Evocations


You had 13 spell levels left.
You knew the following spells:

 Your Spells              Type           Power      Damage    Failure   Level
a - Slow                  Hex            100%       N/A       1%          1
b - Magic Dart            Conj           100%       1d8       1%          1
j - Call Imp              Summ           13%        N/A       7%          2
l - Freezing Cloud        Conj/Ice/Air   26%        6-21      1%          5
m - Mephitic Cloud        Conj/Pois/Air  48%        N/A       1%          3
s - Sticky Flame          Conj/Fire      55%        2d7       1%          4
I - Ignite Poison         Fire/Tmut/Pois 33%        N/A       1%          3

Your spell library contained the following spells:

 Spells                   Type           Power      Damage    Failure   Level
 Flame Wave               Conj/Fire      55%        3d10      1%          4
 Beastly Appendage        Tmut           58%        N/A       1%          1
 Freeze                   Ice            100%       1d11      1%          1
 Wereblood                Tmut           29%        N/A       1%          2
 Frozen Ramparts          Ice            88%        1d10      1%          3
 Inner Flame              Hex/Fire       35%        N/A       1%          3
 Airstrike                Air            22%        N/A       1%          4
 Hailstorm                Conj/Ice       56%        3d12      1%          4
 Lightning Bolt           Conj/Air       28%        1d44      1%          5
 Spider Form              Tmut/Pois      29%        N/A       3%          3
 Blink                    Tloc           26%        N/A       7%          2
 Portal Projectile        Hex/Tloc       42%        N/A       7%          3
 Lesser Beckoning         Tloc           13%        N/A       13%         3
 Cause Fear               Hex            14%        N/A       13%         4
 Summon Lightning Spire   Summ/Air       29%        N/A       13%         4
 Leda's Liquefaction      Hex/Erth       10%        N/A       24%         4
 Lee's Rapid Deconstruct  Erth           6%         3d7*      30%         5
 Manifold Assault         Tloc           13%        N/A       77%         5
 Simulacrum               Ice/Necr       14%        N/A       89%         6
 Statue Form              Tmut/Erth      14%        N/A       98%         6
 Polar Vortex             Ice            22%        N/A       100%        9


Dungeon Overview and Level Annotations

Branches:
Dungeon (11/15)            Temple (1/1) D:6            Lair (5/6) D:10
 Shoals (1/4) Lair:2        Snake (0/4) Lair:2          Orc (0/2) D:11
Gauntlet (visited)
  Slime: Lair:5-6

Altars:
Ashenzari
Cheibriados
Dithmenos
Elyvilon
Fedhas
Gozag
Hepliaklqana
Okawaru
Sif Muna
Uskayaw
Vehumet
Wu Jian
Xom
Yredelemnul
The Shining One
Beogh

Shops:
D:9 (

Annotations:
D:6 exclusion: 2 downstairs
D:8 exclusion: upstairs
D:9 3 runed translucent doors, exclusion: downstairs, ytrimaz's ghost, novice FoFi
D:10 3 runed translucent doors, exclusion: orange crystal statue, cheechan's ghost, journeyman OpBe
Shoals:1 exclusion: merfolk javelineer


Innate Abilities, Weirdness & Mutations

You cannot wear most types of armour.
You are amphibious.
You can wear up to eight rings at the same time.
Your skin changes colour to match your surroundings (Stealth+).
Your rubbery body absorbs attacks. (AC +1, EV +1)
((You are camouflaged near water. (Stealth+)))
You have tentacles for arms and can constrict up to eight enemies at once.


Message History

Aiming: Freezing Cloud (dangerous; 1% risk of failure)
Press: ? - help, Dir - move target The plant is engulfed in freezing vapours.
The plant begins to die.
The plant is engulfed in freezing vapours.
The boulder beetle is engulfed in freezing vapours.
The plant is engulfed in freezing vapours.
The plant is engulfed in freezing vapours.
A nearby plant withers and dies.
The boulder beetle is engulfed in freezing vapours.
You hit the fungus but do no damage. You grab the fungus.
The fungus begins to die.
You squeeze the fungus.
The fungus is lightly damaged.
You constrict the fungus.
You release your grip on the fungus.
A nearby fungus withers and dies.
The boulder beetle leaps!
You start resting.
A boulder beetle is nearby!
Casting: Freezing Cloud (dangerous; 1% risk of failure)
Confirm with . or Enter, or press ? or * to list all spells.
Aiming: Freezing Cloud (dangerous; 1% risk of failure)
Press: ? - help, Dir - move target The boulder beetle is engulfed in freezing vapours.
Casting: Freezing Cloud (dangerous; 1% risk of failure)
Confirm with . or Enter, or press ? or * to list all spells.
Aiming: Freezing Cloud (dangerous; 1% risk of failure)
Press: ? - help, Dir - move target The plant is engulfed in freezing vapours.
The plant begins to die.
The plant is engulfed in freezing vapours.
The boulder beetle is engulfed in freezing vapours.
The boulder beetle curls into a ball and begins rolling!
The plant is engulfed in freezing vapours.
The plant is engulfed in freezing vapours.
A nearby plant withers and dies.
The boulder beetle is engulfed in freezing vapours.
The boulder beetle is engulfed in freezing vapours.
The boulder beetle hits you!!!
Ouch! That really hurt!
You die...

####.#.P### ###.........# ####.+........P#
.#.#.P................$..#.
...........>....#......... #
...##....................+..
#.###.........#.+..........# .##
##.........#.......... ## #........##
#...... ##.##.#### #...# .P #...### #..#
##.P ##...## ####..## #..(P ##...#
#..§§+§## ....$ ## ###.#..## ###..§§§..#
...... #.##..#.P+.###.#..§§#.## #......
###..........#...+.§§§..###..)....
#..............##..○§§.##...P.....
##..........######.§B#§'.)..#.....
##..........## #....@.###.#..<...
.###.##.....P# #......######..... # ##
###..### ##.P....# #.... # ##P..#
#...P..## ##..##### ##### #....# #.#.PP.##
#.....#.# .##.######.P# ####....# #....#
....##(###..# ##.#..## ## #.# ##
.....##.#...#####.##.#.# #.####.####.#
..#.#.#.#.##.#.P......## ####..........#
.+....>......[.....#..#####.#.........###
..#.#.#.#.#..#.#......................# .
............#######..####....'........+..#
..#.#.#.#.#.## ##P.## ##..##.........#
.............# #...# #####.+#....###
..#.#.#.#.#### #...# #.....###
P#.........# #P..# ###....# ..#.#.#.#.#.#
##..# #.#..# .+.#......### ##..## # ####.#
PP.........######.+..##.## .#


You could see a boulder beetle (rolling).

Vanquished Creatures
  A minotaur (Gauntlet)
  A hydra (Lair:2)
  2 two-headed ogres (D:10)
  2 death yaks (Lair:4)
  A glowing orange brain (Gauntlet)
  An oklob plant (Lair:5)
  Maurice (D:8)
  2 black mambas
  7 elephants
  2 gargoyles
  A torpor snail (Lair:4)
  Maggie (D:7)
  15 cane toads
  6 komodo dragons
  A rime drake (Lair:3)
  A polar bear (Lair:3)
  2 trolls
  A merfolk (Shoals:1)
  A hornet (D:9)
  Prince Ribbit (D:7)
  Grinder (D:6)
  16 blink frogs
  A snapping turtle (Lair:2)
  32 yaks
  2 wraiths
  3 wyverns
  3 basilisks
  5 nagas (Lair:2)
  17 water moccasins
  3 orc warriors
  A hornet zombie (D:6)
  An ice beast (D:6)
  6 black bears
  3 wolves (Lair:3)
  2 ogres
  2 centaurs (D:8)
  A kobold brigand (D:10)
  11 bullfrogs
  2 scorpions (D:5)
  11 killer bees
  A water moccasin skeleton (D:6)
  5 wights (D:7)
  2 howler monkeys (D:9)
  3 bullfrog zombies
  3 centaur zombies
  3 jellies
  2 iguanas (D:6)
  An orc priest (D:9)
  Jessica (D:2)
  6 hell rats (Lair:4)
  9 orc wizards
  Terence (D:3)
  3 killer bee zombies
  A hound skeleton (D:5)
  4 howler monkey zombies
  A howler monkey skeleton (D:5)
  4 adders
  3 gnolls (D:4)
  3 white imps
  A worm (D:2)
  2 dart slugs
  18 orcs
  10 ball pythons
  7 endoplasms
  4 giant cockroaches
  7 goblins
  3 hobgoblins
  2 jackals (D:4)
  16 kobolds
  3 quokkas
  3 training dummies (D:9)
  6 bats
  9 frilled lizards
  6 rats (D:1)
  A spectral orc (D:6)
327 creatures vanquished.

Vanquished Creatures (others)
  An orc (D:7)
  A demonic plant (Gauntlet)
  64 fungi
  69 plants
135 creatures vanquished.

Grand Total: 462 creatures vanquished

Notes
Turn   | Place    | Note
-------+----------+-------------------------------------------
     0 | D:1      | petzl the Octopode Arcane Marksman began the quest for the
                  | Orb.
     0 | D:1      | Reached XP level 1. HP: 13/13 MP: 2/2
    19 | D:1      | Learned a level 1 spell: Magic Dart
    74 | D:1      | Reached XP level 2. HP: 18/18 MP: 3/3
   196 | D:1      | Found a faded altar of an unknown god.
   205 | D:1      | Reached skill level 1 in Stealth
   328 | D:1      | Reached skill level 1 in Conjurations
   335 | D:1      | Reached XP level 3. HP: 23/23 MP: 5/5
   479 | D:2      | Noticed Jessica
   635 | D:2      | Learned a level 3 spell: Mephitic Cloud
   863 | D:2      | Killed Jessica
   864 | D:2      | Reached XP level 4. HP: 20/28 MP: 3/6
  1766 | D:3      | Found a broken altar of Ashenzari.
  1915 | D:3      | Noticed Terence
  1953 | D:3      | Killed Terence
  1954 | D:3      | Reached XP level 5. HP: 34/34 MP: 6/8
  2038 | D:4      | Reached skill level 2 in Conjurations
  2038 | D:4      | Reached skill level 1 in Air Magic
  2038 | D:4      | Reached skill level 1 in Poison Magic
  2045 | D:4      | Found an ornate altar of the Wu Jian Council.
  2826 | D:4      | Found a blossoming altar of Fedhas.
  3129 | D:4      | Reached XP level 6. HP: 28/39 MP: 7/9
  3220 | D:5      | Entered Level 5 of the Dungeon
  3417 | D:5      | Noticed a water moccasin
  3429 | D:5      | Killed a water moccasin
  3714 | D:4      | Learned a level 5 spell: Freezing Cloud
  4064 | D:5      | Reached XP level 7. HP: 11/45 MP: 7/11
  4704 | D:5      | Reached skill level 3 in Conjurations
  4953 | D:4      | Reached skill level 1 in Ice Magic
  5285 | D:4      | Found a shadowy altar of Dithmenos.
  5309 | D:4      | Reached XP level 8. HP: 40/51 MP: 1/13
  5639 | D:4      | Found a shimmering blue altar of Sif Muna.
  5639 | D:4      | Found a hazy altar of Hepliaklqana.
  5728 | D:5      | Learned a level 3 spell: Ignite Poison
  6309 | D:6      | Reached skill level 1 in Transmutations
  6309 | D:6      | Reached skill level 1 in Fire Magic
  6371 | D:7      | Noticed a wraith
  6530 | D:6      | Reached skill level 4 in Conjurations
  6933 | D:6      | Found a staircase to the Ecumenical Temple.
  6959 | Temple   | Entered the Ecumenical Temple
  6966 | Temple   | Became a worshipper of Vehumet
  6984 | D:6      | Noticed Grinder
  6985 | D:6      | Paralysed by Grinder for 7 turns
  7118 | D:6      | Killed Grinder
  7119 | D:6      | Reached XP level 9. HP: 47/57 MP: 0/15
  7278 | D:6      | Reached skill level 5 in Stealth
  7648 | D:6      | Found a basalt altar of Yredelemnul.
  8068 | D:7      | Noticed Maggie
  8312 | D:8      | Found an iron altar of Okawaru.
  8730 | D:7      | Reached skill level 5 in Conjurations
  8730 | D:7      | Reached skill level 1 in Evocations
  9385 | D:8      | Found a glowing golden altar of the Shining One.
  9410 | D:8      | Noticed Maurice
  9566 | D:7      | Noticed Prince Ribbit
  9893 | D:7      | Killed Maggie
  9966 | D:7      | Killed Prince Ribbit
 10279 | D:7      | Reached XP level 10. HP: 59/59 MP: 7/17
 10424 | D:7      | Reached skill level 5 in Spellcasting
 11268 | D:8      | Reached * piety under Vehumet
 11268 | D:8      | Offered knowledge of Foxfire by Vehumet.
 11309 | D:8      | Reached skill level 5 in Air Magic
 11406 | D:8      | Found an opulent altar of Gozag.
 11580 | D:9      | Found a shimmering altar of Xom.
 11819 | D:8      | Killed Maurice
 12126 | D:9      | Found a runed translucent gate.
 12127 | D:9      | Found a runed translucent gate.
 12266 | D:9      | Reached skill level 6 in Conjurations
 12349 | D:9      | Found Ququadeuha's Firing Range.
 12741 | D:9      | Noticed ytrimaz's ghost (novice FoFi)
 12742 | D:9      | Found a runed translucent gate.
 12743 | D:9      | Identified the +1 chain mail of the Well-Known Seers
                  | {+Blink rPois Str-5}
 12748 | D:9      | Identified the +0 ring mail "Osuzuck" {rF+ Str+6 Stlth+}
 12838 | D:10     | Entered Level 10 of the Dungeon
 12851 | D:10     | Noticed an orange crystal statue
 13017 | D:10     | Reached skill level 5 in Ice Magic
 13020 | D:10     | Found a staircase to the Lair.
 13228 | D:10     | Noticed a gargoyle
 13431 | D:10     | Reached skill level 1 in Short Blades
 13538 | D:10     | Noticed a +0 falchion
 13538 | D:10     | Noticed a +0 dagger
 13539 | D:10     | Noticed a +0 spear
 13539 | D:10     | Noticed a +0 dagger
 13539 | D:10     | Noticed a +0 spear
 13539 | D:10     | Noticed a +0 short sword
 13539 | D:10     | Noticed a +0 short sword
 13540 | D:10     | Noticed a +0 falchion
 13542 | D:10     | Found a hide-covered altar of Uskayaw.
 13668 | D:10     | Reached XP level 11. HP: 65/70 MP: 8/20
 14268 | D:11     | Identified the amulet of the Chupacabra {RegenMP +Inv
                  | Will+}
 14315 | D:10     | Reached skill level 5 in Fighting
 14315 | D:10     | Reached skill level 7 in Conjurations
 14331 | D:10     | Found a runed translucent gate.
 14331 | D:10     | Found a runed translucent gate.
 14331 | D:10     | Found a runed translucent gate.
 14333 | D:10     | Noticed cheechan's ghost (journeyman OpBe)
 14424 | D:10     | Reached ** piety under Vehumet
 14429 | D:10     | Offered knowledge of Poisonous Vapours by Vehumet.
 14676 | D:10     | Noticed a two-headed ogre
 14687 | D:10     | Killed a two-headed ogre
 14870 | D:10     | Noticed a two-headed ogre
 14880 | D:10     | Killed a two-headed ogre
 14984 | D:11     | Found a staircase to the Orcish Mines.
 15345 | Lair:1   | Entered Level 1 of the Lair of Beasts
 15368 | Lair:1   | Reached skill level 8 in Conjurations
 15741 | Lair:1   | Reached XP level 12. HP: 80/80 MP: 23/23
 16421 | Lair:2   | Offered knowledge of Dazzling Flash by Vehumet.
 16458 | Lair:2   | Reached skill level 9 in Conjurations
 16700 | Lair:2   | Noticed a four-headed hydra
 16725 | Lair:2   | Killed a four-headed hydra
 16824 | Lair:2   | Found a staircase to the Shoals.
 16854 | Shoals:1 | Entered Level 1 of the Shoals
 16958 | Shoals:1 | Noticed a merfolk javelineer
 17344 | Lair:2   | Found a staircase to the Snake Pit.
 17388 | Lair:3   | Reached *** piety under Vehumet
 18250 | Lair:3   | Reached skill level 5 in Fire Magic
 18598 | Lair:3   | Reached skill level 10 in Conjurations
 19063 | Lair:3   | Offered knowledge of Sticky Flame by Vehumet.
 19069 | Lair:3   | Learned a level 4 spell: Sticky Flame
 19385 | Lair:4   | Identified 3 scrolls of acquirement
 19389 | Lair:4   | Found a gate leading to a gauntlet.
 19399 | Lair:4   | Reached XP level 13. HP: 33/89 MP: 26/26
 19413 | Gauntlet | Entered a Gauntlet
 19413 | Gauntlet | Found a transporter.
 19413 | Gauntlet | Found a transporter.
 19413 | Gauntlet | Found a runed translucent door.
 19413 | Gauntlet | Found a runed translucent door.
 19424 | Gauntlet | Found a transporter.
 19437 | Gauntlet | Found a transporter.
 19451 | Gauntlet | Noticed a reaper
 19454 | Gauntlet | Found a transporter.
 19454 | Gauntlet | Found a transporter.
 19457 | Gauntlet | Found a transporter.
 19458 | Gauntlet | Found a transporter.
 19458 | Gauntlet | Found a transporter.
 19470 | Gauntlet | Found a transporter.
 19485 | Gauntlet | Found a transporter.
 19511 | Gauntlet | Found a transporter.
 19514 | Gauntlet | Noticed a green death
 19516 | Gauntlet | Found a transporter.
 19561 | Gauntlet | Found a transporter.
 19601 | Gauntlet | Acquired a book of Ice
 19603 | Gauntlet | Acquired the +2 hood of the Assassin {Detection Stab+
                  | Stlth++}
 19603 | Gauntlet | Found the +2 hood of the Assassin {Detection Stab+ Stlth++}
 19610 | Gauntlet | Acquired the +3 buckler "Sekh" {rElec rN+ rCorr}
 19798 | Gauntlet | Learned a level 2 spell: Call Imp
 19825 | Gauntlet | Reached skill level 1 in Shields
 20066 | Gauntlet | Noticed a minotaur
 20103 | Gauntlet | Killed a minotaur
 20150 | Gauntlet | Identified the -6 helmet "Joubrat" {Fly rElec rF+ Dex+3}
 21165 | Lair:4   | Reached **** piety under Vehumet
 21312 | Lair:4   | Reached skill level 10 in Spellcasting
 21356 | Lair:4   | Reached skill level 11 in Conjurations
 21892 | Lair:4   | Identified the +0 leather armour of Truth {Str-4 Int+2
                  | Dex+3}
 22079 | Lair:5   | Offered knowledge of Flame Wave by Vehumet.
 22247 | Lair:5   | Slain by a boulder beetle

Illustrated notes

Levels and vault maps discovered:
D:1:      erik_arrival_orb_chamber, layout_rooms,
          shapermc_ecumenical_altar_starsandcircs
D:2:      layout_rooms, st_stairs_11, roderic_serpentine_path, uniq_jessica
D:3:      layout_basic, cheibrodos_ashenzari_chains, lexackson_kobold_supper,
          uniq_terence
D:4:      layout_cave_pools, mainiacjoe_overflow_alcove_1,
          mainiacjoe_overflow_concentric_impassable,
          gammafunk_temple_overflow_elements, nicolae_wu_jian_wuxing_cycle
D:5:      layout_cave_pools, roderic_malta_cross
D:6:      layout_layer_cave, yredelemnul_forgotten_temple_becter,
          minmay_temple_entry_sparse_star, hangedman_abyss_or_decor_stabs,
          uniq_grinder
D:7:      layout_basic, uniq_prince_ribbit1, uniq_maggie, uniq_harold
D:8:      wad_cavern_with_rooms, layout_loops_ring, kennysheep_little_box,
          mainiacjoe_overflow_surrounded_room, mainiacjoe_overflow_boulevard,
          serial_bayou_pond_e, lemuel_old_faithful, uniq_maurice
D:9:      layout_roguey, mainiacjoe_overflow_catwalk,
          biasface_ghost_orc_armoury, nicolae_shop_firing_range
D:10:     layout_long_grid, nicolae_uskayaw_en_pointe,
          due_lair_maze_entry_diamond, gammafunk_ghost_nasty_kobolds,
          nrook_mini_backslash, minmay_protected_statue
D:11:     layout_roguey [special_room_orc], orc_0_dummy,
          kennysheep_generic_room_6
Temple:   eino_wide_crystal_templ
Lair:1:   layout_gridlike
Lair:2:   layout_misc_corridors, minmay_shoals_entry_hut,
          minmay_snake_entry_guardpost_medium, minmay_stone_trees_medium
Lair:3:   layout_cave_pods, forest_entry_grove
Lair:4:   layout_misc_corridors, gauntlet_entry_generic
Lair:5:   layout_roguey, minmay_slime_entry_pillars, st_stairs_9
Shoals:1: cheibrodos_shoals_three_sisters, layout_shoals, uniq_mlioglotl,
          uniq_nikola

Skill      XL: |  1  2  3  4  5  6  7  8  9 10 11 12 13 |
---------------+----------------------------------------+-----
Stealth        | 1 2 3 4 5 7 8 |  8.6
Conjurations   | 1 2 3 4 5 6 8 10 11 | 11.4
Spellcasting   | 2 3 4 6 7 9 10 | 10.4
Air Magic      | 1 2 3 4 6 |  6.0
Poison Magic   | 1 2 3 |  3.0
Fighting       | 2 3 4 6 8 |  8.6
Crossbows      | 3 |  3.0
Dodging        | 3 4 |  4.0
Ice Magic      | 1 2 3 5 6 |  6.0
Transmutations | 2 3 |  3.0
Fire Magic     | 2 3 4 5 |  5.5
Evocations     | 1 2 3 |  3.2
Short Blades   | 1 2 |  2.0
Shields        | 4 |  4.0
Hexes          | |  3.0

Action                   |  1- 3 |  4- 6 |  7- 9 | 10-12 | 13-15 || total
-------------------------+-------+-------+-------+-------+-------++-------
Melee: Dagger            |    23 |    99 |   154 |   246 |    40 ||   562
       Constrict         |     6 |    20 |    38 |    41 |     9 ||   114
       Tentacles         |     5 |    17 |    30 |    56 |     7 ||   115
       Hand crossbow     |       |     2 |       |       |       ||     2
 Fire: Hand crossbow     |    42 |    26 |    30 |    28 |     5 ||   131
Throw: Dart              |     3 |    11 |    37 |    18 |     9 ||    78
       Boomerang         |       |       |     1 |     4 |       ||     5
 Cast: Slow              |     2 |    11 |    35 |    27 |     3 ||    78
       Magic Dart        |       |     4 |    44 |    21 |       ||    69
       Mephitic Cloud    |       |       |    34 |    70 |     9 ||   113
       Ignite Poison     |       |       |    14 |    41 |     5 ||    60
       Freezing Cloud    |       |       |     1 |    63 |    53 ||   117
       Sticky Flame      |       |       |       |       |     3 ||     3
Evoke: Wand              |       |       |       |       |     3 ||     3
  Use: Scroll            |       |     3 |     2 |     8 |     8 ||    21
       Potion            |       |     2 |     3 |       |     5 ||    10
 Stab: Sleeping          |     2 |     5 |     1 |     2 |       ||    10
       Distracted        |     1 |       |       |       |       ||     1
       Confused          |       |       |     4 |    10 |       ||    14
Armor: Skin              |     3 |     4 |     8 |    64 |    26 ||   105
Dodge: Dodged            |    24 |    64 |    91 |   158 |    41 ||   378
Block: Buckler           |       |       |       |       |    29 ||    29

Table legend: (Time is in decaauts)
 A = Elapsed time spent in this place.
 B = Non-inter-level travel time spent in this place.
 C = Inter-level travel time spent in this place.
 D = Time resting spent in this place.
 E = Time spent auto-exploring this place.
 F = Levels seen in this place.
 G = Mean time per level.
                   A        B        C        D        E       F      G
               +--------+--------+--------+--------+--------+-----+--------+
         Total |  22303 |  21269 |   1034 |   8245 |   4161 |  19 | 1173.8 |
       Dungeon |  15380 |  14696 |    684 |   5494 |   3462 |  11 | 1398.2 |
        Temple |     14 |     14 |      0 |      0 |      1 |   1 |   14.0 |
          Lair |   5985 |   5635 |    350 |   2463 |    698 |   5 | 1197.0 |
        Shoals |    117 |    117 |      0 |     77 |      0 |   1 |  117.0 |
      Gauntlet |    805 |    805 |      0 |    211 |      0 |   1 |  805.0 |
               +--------+--------+--------+--------+--------+-----+--------+

Top non-repeatable levels by time:
  Lair:3: 2501 daAuts
     D:6: 2287 daAuts
    D:10: 1958 daAuts
     D:5: 1904 daAuts
     D:7: 1798 daAuts
     D:8: 1630 daAuts
     D:3: 1628 daAuts
     D:4: 1298 daAuts
     D:9: 1222 daAuts
  Lair:1: 1203 daAuts
  Lair:2: 923 daAuts
     D:2: 852 daAuts
  Lair:4: 825 daAuts
Gauntlet: 805 daAuts
  Lair:5: 531 daAuts
